 Dungeon Crawl Stone Soup version 0.31.0-12-g77e489cdc1 (webtiles) character file.

Game seed: 10749100853775966398

4 DildoBatman the Conjurer (level 1, 0/13 HPs)
             Began as a Formicid Conjurer on Feb 17, 2024.
             Frozen to death by an endoplasm (2 damage)
             ... on level 1 of the Dungeon on Feb 18, 2024.
             The game lasted 00:01:18 (191 turns).

DildoBatman the Conjurer (Formicid Conjurer)         Turns: 191, Time: 00:01:18

Health: 0/13       AC:  2    Str: 11    XL:     1   Next: 66%
Magic:  3/3        EV: 12    Int: 17    God:
Gold:   15         SH:  0    Dex: 12    Spells: 3/4 levels left

rFire   . . .        g - +0 trident
rCold   . . .        (no shield)
rNeg    . . .        a - +0 robe
rPois   .            (helmet unavailable)
rElec   .            (no cloak)
rCorr   .            (no gloves)
SInv    +            (no boots)
Will    .....        (no amulet)
Stlth   ++           (no ring)
HPRegen 0.22/turn    (no ring)
MPRegen 0.08/turn

%: no passive effects
@: no status effects
A: permanent stasis, dig shafts and tunnels, antennae 3, four strong arms
a: Dig, Shaft Self


You were on level 1 of the Dungeon.
You visited 1 branch of the dungeon, and saw 1 of its levels.

You collected 15 gold pieces.

Inventory:

Hand Weapons
 g - a +0 trident (weapon)
Armour
 a - a +0 robe (worn)
Scrolls
 i - a scroll of identify {unknown}
Potions
 b - a potion of magic
 c - a potion of brilliance {unknown}
 d - 2 potions of heal wounds {unknown}
 e - a potion of curing {unknown}
 f - a potion of berserk rage {unknown}
 h - a potion of degeneration {unknown}


   Skills:
 + Level 0.2 Fighting
 + Level 0.2 Armour
 + Level 1.8 Dodging
 + Level 2.5 Stealth
 + Level 0.0 Unarmed Combat
 + Level 2.2 Spellcasting
 + Level 3.6 Conjurations


You had 3 spell levels left.
You knew the following spells:

 Your Spells              Type           Power      Damage    Failure   Level
c - Magic Dart            Conj           56%        1d5       4%          1

Your spell library contained the following spells:

 Spells                   Type           Power      Damage    Failure   Level
 Searing Ray              Conj           28%        2d5       6%          2
 Fulminant Prism          Conj/Alch      4%         3d5       65%         4
 Iskenderun's Mystic Bla  Conj/Tloc      8%         2d4       65%         4


Dungeon Overview and Level Annotations

Branches:
Dungeon (1/15)

Altars:

Shops:
D:1 [


Innate Abilities, Weirdness & Mutations

You cannot be hasted, slowed, berserked, paralysed or teleported.
You can dig through walls and to a lower floor.
You have a pair of large antennae on your head. (SInv)
Your four strong arms can wield two-handed weapons with a shield.


Message History

You shout for attention!
The endoplasm freezes you.
You are frozen.
A kobold comes into view. It is wielding a +0 short sword.
The quokka closely misses you. What are your orders? t - Shout!
Orders for allies: a - Attack new target. r - Retreat! s - Stop attacking. g - Guard the area. f - Follow me.
Anything else - Cancel.
You shout for attention!
The endoplasm freezes you.
You are frozen.
The quokka closely misses you. What are your orders? t - Shout!
Orders for allies: a - Attack new target. r - Retreat! s - Stop attacking. g - Guard the area. f - Follow me.
Anything else - Cancel.
You shout for attention!
The rat twitches its whiskers.
The rat closely misses you. The endoplasm freezes you.
You are frozen.
The quokka barely misses you. What are your orders? t - Shout!
Orders for allies: a - Attack new target. r - Retreat! s - Stop attacking. g - Guard the area. f - Follow me.
Anything else - Cancel.
You shout for attention!
The quokka misses you. The giant cockroach bites you.
The rat barely misses you. The endoplasm freezes you.
You are frozen.
You die...

....∩...##########....
######..#.....#.........
#####.................
........)...........K..
######.................
#................(
######.........r.......
##.........)....rr......
................@J....#
..##....#.....#..B..#.#
.....##.####.####..##,
#....##...##.####..#
#....####...........#
......# ##...## ##...
#...#.###...## .###
#...#...#...## .#
##.####.#....#


You could see an endoplasm, a quokka, a giant cockroach, a kobold and 2 rats.

Vanquished Creatures
  A ball python (D:1)
  A goblin (D:1)
  A hobgoblin (D:1)
3 creatures vanquished.

Notes
Turn   | Place    | Note
-------+----------+-------------------------------------------
     0 | D:1      | DildoBatman the Formicid Conjurer began the quest for the
                  | Orb.
     0 | D:1      | Reached XP level 1. HP: 13/13 MP: 3/3
   138 | D:1      | Found Qyleg's Armour Boutique.
   191 | D:1      | Frozen to death by an endoplasm

Illustrated notes

Levels and vault maps discovered:
D:1:      lightli_arrival_maybe_door_vault, layout_rooms, serial_shops, shop,
          nicolae_shop_tiny_statue_garden

Action                     || total
---------------------------++-------
  Melee: Trident           ||     1
   Cast: Magic Dart        ||     6
 Armour: Robe              ||     1
  Dodge: Dodged            ||     7
